 Dungeon Crawl Stone Soup version 0.17.1-3-g152610e (webtiles) character file.

834 pipel the Insei (level 7, -1/38 HPs)
             Began as a Vine Stalker Monk on Apr 1, 2016.
             Slain by an ice beast (10 damage)
             ... on level 7 of the Dungeon on Apr 2, 2016.
             The game lasted 00:15:19 (1593 turns).

pipel the Insei (Vine Stalker Monk)                 Turns: 1593, Time: 00:15:19

Health: -1/38      AC:  4    Str: 15    XL:     7   Next: 98%
Magic:  0/8        EV: 15    Int: 10    God:
Gold:   130        SH:  0    Dex: 17    Spells: 0 memorised, 6 levels left

rFire  . . .     SeeInvis .       - Unarmed
rCold  . . .     Clarity  .     r - +0 robe
rNeg   . . .     SustAt   .     (no shield)
rPois  .         Gourm    .     (no helmet)
rElec  .         Spirit   +     n - +0 cloak
rCorr  .         Warding  .     (no gloves)
rMut   .         Stasis   .     i - +0 pair of boots
MR     .....                    (no amulet)
Stlth  +++.......               (no ring)
                                (no ring)

@: not resistant to hostile enchantments, fairly stealthy
A: fangs 2, regeneration 2, magic shield, antimagic bite, no device heal 3, rot
immunity
a: no special abilities


You were on level 7 of the Dungeon.
You were hungry.

You visited 2 branches of the dungeon, and saw 7 of its levels.
You also visited: Sewer.

You collected 130 gold pieces.

Inventory:

Hand Weapons
 a - a +0 blowgun
Missiles
 d - 46 stones (quivered)
 q - 19 poisoned needles
Armour
 i - a +0 pair of boots (worn)
 n - a +0 cloak (worn)
 r - a +0 robe (worn)
Wands
 p - a wand of slowing (5)
Scrolls
 f - a scroll of blinking
 k - 2 scrolls of identify {unknown}
 t - 2 scrolls of teleportation {unknown}
Potions
 c - 2 potions of mutation {unknown}
 e - a potion of lignification {unknown}
 g - 3 potions of agility {unknown}
 l - 6 potions of curing {unknown}
 m - 2 potions of brilliance {unknown}
 o - 5 potions of heal wounds {unknown}
 s - 4 potions of might {unknown}
 u - 2 potions of flight {unknown}
Comestibles
 b - 3 bread rations
 h - 3 fruits
 j - 2 royal jellies
 v - a chunk of flesh


   Skills:
 + Level 4.5 Fighting
 + Level 5.1 Dodging
 + Level 4.4 Stealth
 + Level 6.0 Unarmed Combat


You had 6 spell levels left.
You didn't know any spells.

Dungeon Overview and Level Annotations

Branches:
Dungeon (7/15)             Temple (1/1) D:6

Altars:
Cheibriados
Dithmenos
Elyvilon
Kikubaaqudgha
Okawaru
Ru
Trog
Vehumet
Xom


Innate Abilities, Weirdness & Mutations

You have extremely sharp teeth.
You heal very quickly.
When hurt, damage is shared between your health and your magic reserves.
Your bite disrupts and absorbs the magic of your enemies.
Potions and wands cannot restore your health.
You are immune to rotting.


Message History

The ice beast is almost dead.
The ice beast hits you. The ice beast freezes you!
You hit the ice beast but do no damage.
You bite the ice beast, but do no damage.
The ice beast is almost dead.
The ice beast closely misses you.
You hit the ice beast but do no damage.
The ice beast is almost dead.
The ice beast hits you. The ice beast freezes you!
* * * LOW HITPOINT WARNING * * *
You hit the ice beast but do no damage.
You bite the ice beast, but do no damage.
The ice beast is almost dead.
The ice beast hits you but does no damage.
You hit the ice beast. Your bite misses the ice beast.
The ice beast is almost dead.
The ice beast hits you.
* * * LOW HITPOINT WARNING * * *
The ice beast freezes you!
You die...

##########..
#<..@Y......
#.##########
###


You could see an ice beast.

Vanquished Creatures
  Edmund (D:6)
  An ice beast (D:6)
  2 big kobolds (Sewer)
  A giant frog (D:6)
  A scorpion (D:6)
  A crimson imp (D:5)
  An iguana (D:6)
  2 hounds
  A jelly (D:5)
  An orc wizard (D:6)
  A hound zombie (D:5)
  9 river rats (Sewer)
  5 adders
  An ooze (Sewer)
  A worm (D:5)
  5 orcs
  5 ball pythons
  A goblin (D:2)
  A hobgoblin (D:2)
  16 kobolds
  A giant gecko zombie (D:6)
  A giant newt (D:3)
  A quokka (D:5)
  18 rats
  A plant (D:1)
79 creatures vanquished.

Notes
Turn   | Place    | Note
--------------------------------------------------------------
     0 | D:1      | pipel the Vine Stalker Monk began the quest for the Orb.
     0 | D:1      | Reached XP level 1. HP: 11/11 MP: 2/2
   159 | D:3      | Reached XP level 2. HP: 16/16 MP: 3/3
   223 | D:3      | You fall through a shaft for 2 floors!
   223 | D:5      | Entered Level 5 of the Dungeon
   326 | D:5      | Reached XP level 3. HP: 1/20 MP: 0/4
   361 | D:5      | Reached XP level 4. HP: 12/24 MP: 3/5
   378 | D:5      | Reached skill level 5 in Unarmed Combat
   403 | D:5      | Found a shadowy altar of Dithmenos.
   445 | D:5      | Reached XP level 5. HP: 26/28 MP: 4/6
   469 | D:5      | Found a glowing drain.
   480 | Sewer    | Entered a sewer
   646 | Sewer    | Gained mutation: You heal very quickly. [Vine Stalker growth]
   646 | Sewer    | Reached XP level 6. HP: 32/32 MP: 7/7
   725 | Sewer    | HP: 1/33 [river rat (5)]
  1136 | D:6      | Noticed Edmund
  1186 | D:6      | Killed Edmund
  1186 | D:6      | Reached XP level 7. HP: 16/37 MP: 4/8
  1198 | D:6      | Found a staircase to the Ecumenical Temple.
  1209 | Temple   | Entered the Ecumenical Temple
  1476 | D:6      | Reached skill level 5 in Dodging
  1476 | D:6      | Reached skill level 6 in Unarmed Combat
  1593 | D:7      | Slain by an ice beast

Action                   |  1- 3 |  4- 6 |  7- 9 || total
-------------------------+-------+-------+-------++-------
Melee: Unarmed           |    81 |   173 |    76 ||   330
 Fire: Blowgun           |       |     9 |     5 ||    14
Throw: Stone             |     3 |     8 |       ||    11
  Use: Scroll            |       |     1 |       ||     1
 Stab: Sleeping          |       |     2 |     1 ||     3
  Eat: Chunk             |       |     1 |     1 ||     2
